 Dungeon Crawl Stone Soup version 0.27-a0-1500-g450c7e4133 (webtiles) character file.

Game seed: 9943477188605995034

160 Spaninq the Cudgeller (level 5, 0/79 HPs)
             Began as a Troll Berserker on July 7, 2021.
             Was a Believer of Trog.
             Slain by Sigmund (5 damage)
             ... on level 2 of the Dungeon.
             The game lasted 00:04:40 (1580 turns).

Spaninq the Cudgeller (Troll Berserker)             Turns: 1580, Time: 00:04:41

Health: 0/79       AC:  4    Str: 25    XL:     5   Next: 17%
Magic:  4/4        EV: 10    Int:  3    God:    Trog [**....]
Gold:   33         SH:  0    Dex: 10    Spells: 4/4 levels left

rFire    . . .     SeeInvis .   e - +0 whip
rCold    + . .     Faith    .   (no shield)
rNeg     . . .     Spirit   .   b - +0 animal skin
rPois    .         Reflect  .   (helmet restricted)
rElec    .         Harm     .   (no cloak)
rCorr    .         Rampage  .   (gloves unavailable)
Will     .....                  (boots unavailable)
Stlth    ..........             (no amulet)
HPRegen  1.23/turn              f - ring of protection from cold
MPRegen  0.09/turn              (no ring)

@: berserking (expiring), very quick
A: large, unfitting armour, claws 3, regeneration 1, shaggy fur 1, tough skin 1
a: Renounce Religion, Berserk, Trog's Hand


You were on level 2 of the Dungeon.
You worshipped Trog.
Trog was pleased with you.
You visited 1 branch of the dungeon, and saw 2 of its levels.

You collected 33 gold pieces.

Inventory:

Hand Weapons
 e - a +0 whip (weapon)
Armour
 b - a +0 animal skin (worn)
Jewellery
 f - a ring of protection from cold (left claw)
Scrolls
 a - a scroll of summoning {unknown}
Potions
 c - a potion of berserk rage {unknown}
 d - 2 potions of curing {unknown}
 g - a potion of mutation {unknown}


   Skills:
 + Level 3.2 Fighting
 * Level 4.2 Maces & Flails
 + Level 3.2 Dodging


You had 4 spell levels left.
You didn't know any spells.
Your spell library was empty.

Dungeon Overview and Level Annotations

Branches:
Dungeon (2/15)

Altars:
Hepliaklqana

Annotations:
D:2 Sigmund


Innate Abilities, Weirdness & Mutations

You are too large for most types of armour.
You have claws for hands.
Your natural rate of healing is unusually fast.
You are covered in fur. (AC +1)
You have tough skin. (AC +1)


Message History

You miss Sigmund. Sigmund hits you with a +0 scythe.
You barely miss Sigmund. Sigmund barely misses you.
You barely miss Sigmund. Sigmund hits you with a +0 scythe!
You miss Sigmund. Sigmund closely misses you.
You bump into the rock wall.
Sigmund hits you with a +0 scythe.
You feel less confused. Sigmund hits you but does no damage.
Sigmund gestures wildly while chanting.
Sigmund flickers and vanishes!
Deactivating autopickup; reactivate with Ctrl-A.
You miss something. Something hits you but does no damage.
You hit something. You hit something. Something hits you but does no damage.
You miss something. Something hits you!
You closely miss something.
You hear some strange, mumbled words.
A puff of flame appears from out of thin air!
The puff of flame hits you!
You barely miss something. Something hits you.
You barely miss something.
You hear some strange, mumbled words.
A puff of flame appears from out of thin air!
The puff of flame hits you!
A red film seems to cover your vision as you go berserk!
You feel yourself moving faster!
You feel mighty! Something hits you!
* * * LOW HITPOINT WARNING * * *
You barely miss something. Something hits you.
* * * LOW HITPOINT WARNING * * *
You hit something. You closely miss something.
Something hits you but does no damage.
You barely miss something. Something hits you!
* * * LOW HITPOINT WARNING * * *
You whack something! You closely miss something. Something hits you!
* * * LOW HITPOINT WARNING * * *
You miss something. You barely miss something.
Something hits you but does no damage.
You barely miss something. You miss something. Something hits you.
You die...

#.......####..#####.#.....#
####.....)....##......###.###
##.########.##.##.##......#
#...# #.....).....#.#.####
#...# ####..####..#...(...
#...# ######..####..###.####
#...#####..........#..###.#
#.......>.###{#:##.#...h..#
####....####.###@#.##.#.....##
.............##..#....h.h...#
.............##.#####.......#
.............##<# ###..†..#
####.........##.# #.....#
#...########.#### ####### @
#...# #.......# . #...#
#.##.##.# .. #...# #.##.# ..


There were no monsters in sight!

Vanquished Creatures
  Natasha (thrice) (D:1)
  2 adders (D:2)
  A worm (D:2)
  3 dart slugs
  4 ball pythons
  6 bats
  6 endoplasms
  A giant cockroach (D:1)
  6 goblins
  4 hobgoblins
  10 jackals
  2 kobolds
  2 quokkas (D:1)
  A rat (D:2)
51 creatures vanquished.

Notes
Turn   | Place    | Note
-------+----------+-------------------------------------------
     0 | D:1      | Spaninq the Troll Berserker began the quest for the Orb.
     0 | D:1      | Reached XP level 1. HP: 22/22 MP: 0/0
    54 | D:1      | Found a faded altar of an unknown god.
    90 | D:1      | Reached skill level 3 in Maces & Flails
    90 | D:1      | Reached XP level 2. HP: 27/29 MP: 1/1
   473 | D:1      | Reached XP level 3. HP: 36/36 MP: 2/2
   656 | D:1      | Reached ** piety under Trog
   715 | D:2      | Found a hazy altar of Hepliaklqana.
   998 | D:2      | Reached XP level 4. HP: 44/44 MP: 3/3
  1235 | D:2      | Noticed Natasha
  1235 | D:2      | Noticed Sigmund
  1272 | D:1      | Killed Natasha
  1479 | D:1      | Noticed Natasha
  1490 | D:1      | Killed Natasha
  1491 | D:1      | Reached skill level 4 in Maces & Flails
  1534 | D:1      | Noticed Natasha
  1544 | D:1      | Killed Natasha
  1545 | D:1      | Reached XP level 5. HP: 43/53 MP: 4/4
  1576 | D:2      | HP: 2/79 [something (11)]
  1580 | D:2      | Slain by Sigmund

Illustrated notes

Levels and vault maps discovered:
D:1:      tarquinn_simple_flora_water_a, layout_loops_cross,
          shapermc_ecumenical_altar_venn, minmay_pentomino_x2
D:2:      layout_loops_cross, basic_altar, uniq_natasha, uniq_sigmund

Skill      XL: |  1  2  3  4 |
---------------+-------------+-----
Maces & Flails | 3 4 |  4.2
Fighting       | 3 |  3.2
Dodging        | 3 |  3.2

Action                   |  1- 3 |  4- 6 || total
-------------------------+-------+-------++-------
Melee: Mace              |    40 |       ||    40
       Whip              |   143 |    61 ||   204
Invok: Berserk           |       |     1 ||     1
Armor: Animal skin       |    63 |    13 ||    76
Dodge: Dodged            |    95 |    14 ||   109

Table legend: (Time is in decaauts)
 A = Elapsed time spent in this place.
 B = Non-inter-level travel time spent in this place.
 C = Inter-level travel time spent in this place.
 D = Time resting spent in this place.
 E = Time spent auto-exploring this place.
 F = Levels seen in this place.
 G = Mean time per level.
                   A        B        C        D        E       F      G
               +--------+--------+--------+--------+--------+-----+--------+
         Total |   1571 |   1564 |      7 |      0 |   1120 |   2 |  785.5 |
       Dungeon |   1571 |   1564 |      7 |      0 |   1120 |   2 |  785.5 |
               +--------+--------+--------+--------+--------+-----+--------+

Top non-repeatable levels by time:
     D:1: 955 daAuts
     D:2: 616 daAuts
